 Dungeon Crawl Stone Soup version 0.18-a0-5-gf1fb587 (webtiles) character file.

12702 TruthSerum the Fighter (level 11, -2/107 HPs)
             Began as a Minotaur Fighter on Oct 31, 2015.
             Was a High Priest of Okawaru.
             Slain by math4jedi's ghost (12 damage)
             ... on level 1 of the Lair of Beasts.
             The game lasted 00:34:32 (9803 turns).

TruthSerum the Fighter (Minotaur Fighter)           Turns: 9803, Time: 00:34:32

Health: -2/107     AC: 22    Str: 20    XL:     11   Next: 65%
Magic:  13/15      EV:  9    Int:  5    God:    Okawaru [*****.]
Gold:   435        SH: 14    Dex: 14    Spells: 0 memorised, 10 levels left

rFire  . . .     SeeInvis .     a - +1 flail
rCold  + . .     Clarity  .     i - +0 plate armour
rNeg   . . .     SustAt   +     c - +0 shield
rPois  .         Gourm    .     (helmet restricted)
rElec  .         Spirit   .     h - +0 cloak
rCorr  .         Warding  .     g - +2 pair of gloves
rMut   .         Stasis   .     C - +0 pair of boots
MR     .....                    z - amulet of regeneration
Stlth  ..........               F - ring of sustain attributes
                                w - ring of protection from cold

@: heroism, not resistant to hostile enchantments, extremely unstealthy
A: retaliatory headbutt, horns 2
a: Heroism, Finesse, Renounce Religion


You were on level 1 of the Lair of Beasts.
You worshipped Okawaru.
Okawaru was extremely pleased with you.
You were not hungry.

You visited 3 branches of the dungeon, and saw 11 of its levels.

You collected 435 gold pieces.

Inventory:

Hand Weapons
 a - a +1 flail (weapon)
Armour
 c - a +0 shield (worn)
 g - a +2 pair of gloves (worn)
 h - a +0 cloak (worn)
 i - a +0 plate armour (worn)
 B - the +5 ring mail "Fiqoemull" {rC- rCorr Str+2, unknown}
   (You found it on level 6 of the Dungeon)

   It affects your strength (+2).
   It makes you vulnerable to cold.
   It protects you from acid and corrosion.
 C - a +0 pair of boots (worn)
Jewellery
 k - an uncursed ring of teleportation
 w - a ring of protection from cold (left hand)
 z - an amulet of regeneration (around neck)
 A - an uncursed ring of wizardry
 F - a ring of sustain attributes (right hand)
 J - an uncursed ring of fire
Wands
 j - a wand of frost (12)
 t - a wand of fire (0)
 y - a wand of confusion (10)
 E - a wand of draining (5)
 G - a wand of invisibility (3)
 I - a wand of fireball (3)
Scrolls
 l - 2 scrolls of fog
 m - 3 scrolls of remove curse
 q - a scroll of teleportation
 v - 2 scrolls of magic mapping
 x - 5 scrolls of amnesia
 K - a scroll of enchant weapon
Potions
 b - 2 potions of ambrosia
 d - 3 potions of might
 o - a potion of lignification
 r - 2 potions of curing {unknown}
 s - 2 potions of flight {unknown}
 u - 2 potions of haste {unknown}
 H - a potion of berserk rage {unknown}
 L - a potion of magic {unknown}
Comestibles
 e - 9 bread rations
 n - 9 beef jerkies
 p - 4 meat rations
 D - 3 fruits


   Skills:
 + Level 13.5(18.5) Fighting
 - Level 10.4(15.4) Maces & Flails
 - Level 8.0(13.0) Armour
 - Level 10.0(15.0) Shields
 + Level 7.6 Invocations


You had 10 spell levels left.
You didn't know any spells.

Dungeon Overview and Level Annotations

Branches:
Dungeon (9/15)             Temple (1/1) D:7            Lair (1/8) D:9
    Orc: D:9-12

Altars:
Ashenzari
Cheibriados
Dithmenos
Elyvilon
Fedhas
Gozag
Kikubaaqudgha
Makhleb
Nemelex Xobeh
Okawaru
Qazlal
Ru
Sif Muna
Trog
Vehumet
Xom
Yredelemnul
Zin
The Shining One

Annotations:
Lair:1 math4jedi's ghost, journeyman TrEn


Innate Abilities, Weirdness & Mutations

You reflexively headbutt those who attack you in melee.
You have a pair of horns on your head.


Message History

You thump math4jedi's ghost!
Math4jedi's ghost is severely damaged.
You hit math4jedi's ghost.
Math4jedi's ghost is severely damaged.
Math4jedi's ghost hits you but does no damage.
You hit math4jedi's ghost. Your headbutt misses math4jedi's ghost.
Math4jedi's ghost is severely damaged.
Math4jedi's ghost hits you but does no damage.
You closely miss math4jedi's ghost. Your headbutt misses math4jedi's ghost.
Math4jedi's ghost is severely damaged.
You hit math4jedi's ghost but do no damage.
Math4jedi's ghost is severely damaged.
You block math4jedi's ghost's attack.
You hit math4jedi's ghost but do no damage.
Math4jedi's ghost is severely damaged.
You block math4jedi's ghost's attack.
You hit math4jedi's ghost.
Math4jedi's ghost is severely damaged.
Math4jedi's ghost hits you!
You die...

####....#.# #.## ##P###..8.>.
#....##.# #.# ### #.#....
#.....#.# #.# ######......
##.......# #.# ##.#.##...#'.
#P.#####.# #.###.....###....
##.P# #.####..#..#..#.#.....
###..## #.....................
#.....####.........).8.....#.8.
#..#..#P##....@............#...
#..#...>...#P.W###..#..#...#...
#.#####....##.###.......###....
##.# #.##..#.....###....#.#...
#P.# #.##.###.###.#......##...
##.# ##.##..###.......PP###....
#.## P.##.P# #........## #8.>.
##..# #.##.####.......## #....
#..## #.##.#.##.......# ###..8.


You could see math4jedi's ghost.

Vanquished Creatures
  The ghost of flyleaff the Thaumaturge, a novice GrWz of Sif Muna (Lair:1)
  The ghost of password the Insei, a novice OpMo of Cheibriados (D:8)
  Pikel (D:5)
  The ghost of loblaw the Infuser, a novice DECj of Vehumet (D:8)
  Joseph (Lair:1)
  3 spiny frogs
  A komodo dragon (Lair:1)
  A two-headed ogre (D:9)
  Prince Ribbit (D:9)
  18 yaks
  A wyvern (D:7)
  A deep elf fighter (D:9)
  Eustachio (D:5)
  A deep elf mage (D:9)
  Menkaure (D:5)
  A hungry ghost (D:9)
  3 wolves (Lair:1)
  A porcupine (Lair:1)
  5 centaurs
  3 water moccasins (Lair:1)
  9 ogres
  A necrophage (D:6)
  The ghost of braveplatypus the Chopper, an amateur DDBe of Trog (D:3)
  3 ice beasts
  2 phantoms
  A wasp (D:9)
  7 giant frogs
  4 crocodiles
  2 gnoll sergeants
  3 scorpions
  3 wights (D:9)
  An electric eel (Lair:1)
  The ghost of ProzacElf the Digger, a weakling FoEE (D:4)
  A wasp zombie (D:9)
  A centaur zombie (D:7)
  2 jellies
  A crimson imp (D:5)
  2 iguanas
  Crazy Yiuf (D:5)
  A gnoll shaman (D:9)
  An orc priest (D:7)
  6 hounds
  5 orc wizards
  2 giant frog skeletons (D:8)
  3 worker ants
  Terence (D:2)
  A quasit (D:8)
  13 sheep (Lair:1)
  A hound skeleton (D:7)
  18 gnolls
  A worker ant zombie (D:6)
  7 adders
  4 shadow imps
  A river rat (D:9)
  An ooze (D:1)
  3 adder skeletons
  An adder zombie (D:6)
  2 worms
  4 giant geckos
  33 orcs
  4 hobgoblins
  25 jackals
  6 quokkas
  2 ball pythons
  12 bats
  6 giant cockroaches
  6 giant newts
  7 goblins
  A jackal zombie (D:8)
  5 kobolds
  A quokka zombie (D:6)
  20 rats
  A fungus (D:9)
298 creatures vanquished.

Vanquished Creatures (others)
  A wolf (Lair:1)
  A scorpion (D:5)
  A fungus (Lair:1)
  2 plants (Lair:1)
5 creatures vanquished.

Grand Total: 303 creatures vanquished

Notes
Turn   | Place    | Note
--------------------------------------------------------------
     0 | D:1      | TruthSerum the Minotaur Fighter began the quest for the Orb.
     0 | D:1      | Reached XP level 1. HP: 19/19 MP: 0/0
   112 | D:1      | Reached XP level 2. HP: 24/27 MP: 1/1
   133 | D:1      | Reached skill level 4 in Fighting
   905 | D:2      | Noticed Terence
   918 | D:2      | Killed Terence
   918 | D:2      | Reached XP level 3. HP: 32/34 MP: 2/2
  1198 | D:2      | Found a faded altar to an unknown god.
  1527 | D:3      | Noticed braveplatypus's ghost (amateur DDBe)
  1536 | D:3      | Killed braveplatypus's ghost
  1536 | D:3      | Reached skill level 5 in Fighting
  1536 | D:3      | Reached XP level 4. HP: 30/42 MP: 3/3
  1536 | D:3      | Reached XP level 5. HP: 34/48 MP: 4/4
  1700 | D:3      | Reached skill level 5 in Maces & Flails
  1705 | D:3      | Reached skill level 5 in Armour
  1833 | D:3      | Found an opulent altar of Gozag.
  1902 | D:3      | Found a glowing golden altar of the Shining One.
  1929 | D:3      | Noticed an ogre
  1935 | D:3      | Killed an ogre
  1935 | D:3      | Reached XP level 6. HP: 34/57 MP: 5/5
  2081 | D:4      | Found a shimmering altar of Xom.
  2091 | D:4      | Found a shimmering altar of Xom.
  2092 | D:4      | Found a shimmering altar of Xom.
  2178 | D:4      | Reached skill level 6 in Fighting
  2512 | D:4      | Reached XP level 7. HP: 29/64 MP: 6/6
  2811 | D:4      | Noticed ProzacElf's ghost (weakling FoEE)
  2825 | D:4      | Killed ProzacElf's ghost
  3168 | D:5      | Entered Level 5 of the Dungeon
  3253 | D:5      | Reached skill level 7 in Fighting
  3485 | D:5      | Found a sacrificial altar of Ru.
  3486 | D:5      | Noticed Menkaure
  3501 | D:5      | Reached XP level 8. HP: 58/73 MP: 7/7
  3512 | D:5      | Killed Menkaure
  3542 | D:5      | Noticed Eustachio
  3569 | D:5      | Killed Eustachio
  3569 | D:5      | Reached skill level 8 in Fighting
  3664 | D:5      | Noticed Pikel
  3679 | D:5      | Killed Pikel
  3679 | D:5      | Reached skill level 9 in Fighting
  3941 | D:5      | Found an opulent altar of Gozag.
  4099 | D:5      | Noticed Crazy Yiuf
  4104 | D:5      | Killed Crazy Yiuf
  4324 | D:6      | Reached XP level 9. HP: 77/84 MP: 8/8
  4487 | D:6      | Got a brightly glowing ring mail
  4555 | D:6      | Reached skill level 10 in Fighting
  4967 | D:7      | Reached skill level 10 in Maces & Flails
  4970 | D:7      | Found a staircase to the Ecumenical Temple.
  5003 | Temple   | Entered the Ecumenical Temple
  5041 | Temple   | Became a worshipper of Warmaster Okawaru
  5260 | D:7      | Found a deep blue altar of Sif Muna.
  5277 | D:7      | Found an ancient bone altar of Kikubaaqudgha.
  5832 | D:7      | Reached skill level 5 in Shields
  6038 | D:8      | Noticed loblaw's ghost (novice DECj)
  6049 | D:8      | Killed loblaw's ghost
  6049 | D:8      | Reached * piety under Okawaru
  6049 | D:8      | Reached skill level 1 in Invocations
  6094 | D:8      | Found a white marble altar of Elyvilon.
  6199 | D:8      | Reached skill level 11 in Fighting
  6200 | D:8      | Reached XP level 10. HP: 90/95 MP: 10/10
  6235 | D:8      | Noticed password's ghost (novice OpMo)
  6255 | D:8      | Killed password's ghost
  6335 | D:8      | Reached ** piety under Okawaru
  6760 | D:9      | Noticed Prince Ribbit
  6770 | D:9      | Killed Prince Ribbit
  6897 | D:9      | Reached *** piety under Okawaru
  7158 | D:9      | Reached skill level 12 in Fighting
  7171 | D:9      | Reached skill level 5 in Invocations
  7363 | D:9      | Reached **** piety under Okawaru
  7605 | D:9      | Reached XP level 11. HP: 103/105 MP: 14/14
  7745 | D:9      | Found a snail-covered altar of Cheibriados.
  8043 | D:9      | Found a staircase to the Lair.
  8077 | Lair:1   | Entered Level 1 of the Lair of Beasts
  8077 | Lair:1   | Noticed Joseph
  8088 | Lair:1   | Killed Joseph
  8104 | Lair:1   | Reached ***** piety under Okawaru
  8126 | Lair:1   | Noticed flyleaff's ghost (novice GrWz)
  8170 | D:9      | HP: 5/106 [poisoned by a spiny frog]
  8176 | D:9      | HP: 4/106 [poisoned by a spiny frog]
  8182 | D:9      | HP: 3/106 [poisoned by a spiny frog]
  8190 | D:9      | HP: 4/106 [poisoned by a spiny frog]
  8651 | Lair:1   | Killed flyleaff's ghost
  8651 | Lair:1   | Reached skill level 13 in Fighting
  8696 | Lair:1   | Reached skill level 10 in Shields
  9773 | Lair:1   | Noticed math4jedi's ghost (journeyman TrEn)
  9792 | Lair:1   | HP: 3/107 [math4jedi's ghost (9)]
  9803 | Lair:1   | Slain by math4jedi's ghost

Vault maps used:
D:1:      lightli_arrival_noodles
D:2:      ecumenical_altar_1, minmay_misc_feat_encased, hex_medium,
          corexii_item_surrounded_by_moat, minmay_misc_feat_five, uniq_terence
D:3:      tso_altar, grunt_gozag_statues
D:4:      xom_redecorated
D:5:      first_bread, basic_altar, hangedman_ru_absence, uniq_menkaure,
          uniq_crazy_yiuf_cottage, uniq_pikel, uniq_eustachio
D:6:      grunt_ministairs_13
D:7:      nicolae_overflow_crystal_walls, old_standard_altar,
          minmay_temple_entry_water_ring, dk_noncrumbling_4, grunt_ogre_cave
D:8:      kennysheep_mini_moat
D:9:      lemuel_round_altar, grunt_lair_entry_elf_guard_hut,
          uniq_prince_ribbit1
Temple:   dpeg_five_rooms_temple_12
Lair:1:   infiniplex_staircase_pool, serial_bayou_shore_a, grunt_megastairs_1,
          uniq_joseph

Action                   |  1- 3 |  4- 6 |  7- 9 | 10-12 || total
-------------------------+-------+-------+-------+-------++-------
Melee: Flail             |    76 |   141 |   353 |   575 ||  1145
Invok: Heroism           |       |       |       |     2 ||     2
       Finesse           |       |       |       |     1 ||     1
Evoke: Wand              |       |       |       |     4 ||     4
  Use: Scroll            |     5 |     3 |     8 |     4 ||    20
       Potion            |     1 |       |     2 |     1 ||     4
 Stab: Confused          |       |       |       |     2 ||     2
  Eat: Chunk             |     2 |     2 |     8 |    14 ||    26
       Bread ration      |       |     1 |       |       ||     1
       Pizza             |       |       |       |     1 ||     1
